 Dungeon Crawl Stone Soup version 0.28.0-53-g5a82cb258f (webtiles) character file.

Game seed: 7769430471334684284

24 Brecoman the Skirmisher (level 2, 0/24 HPs)
             Began as a Demonspawn Abyssal Knight on July 24, 2022.
             Was a Follower of Lugonu.
             Succumbed to an adder's poison
             ... on level 1 of the Dungeon.
             The game lasted 00:02:58 (1108 turns).

Brecoman the Skirmisher (Demonspawn Abyssal Knight) Turns: 1108, Time: 00:02:59

Health: 0/24       AC:  6    Str: 13    XL:     2   Next: 79%
Magic:  4/4        EV:  9    Int: 11    God:    Lugonu [*.....]
Gold:   34         SH:  0    Dex: 13    Spells: 1/1 levels left

rFire   . . .      SeeInvis .   a - +1 hand axe
rCold   . . .      Faith    .   (no shield)
rNeg    . . .      Spirit   .   e - +0 scale mail
rPois   .          Reflect  .   (no helmet)
rElec   .          Harm     .   (no cloak)
rCorr   .          Rampage  .   (no gloves)
Will    .....                   (no boots)
Stlth   ..........              (no amulet)
HPRegen 0.08/turn               (no ring)
MPRegen 0.09/turn               (no ring)

@: lethally poisoned (0 -> -3)
A: powered by death 1
a: Renounce Religion, Depart the Abyss


You were on level 1 of the Dungeon.
You worshipped Lugonu.
Lugonu was aware of your devotion.
You visited 1 branch of the dungeon, and saw 2 of its levels.
You visited the Abyss 1 time.

You collected 34 gold pieces.

Inventory:

Hand Weapons
 a - a +1 hand axe (weapon)
Armour
 b - a +0 leather armour
 e - a +0 scale mail (worn)
Scrolls
 f - a scroll of fear {unknown}
 g - a scroll of identify {unknown}
Potions
 c - a potion of curing {unknown}
 d - 3 potions of heal wounds {unknown}


   Skills:
 + Level 3.3 Fighting
 + Level 2.1 Axes
 + Level 1.9 Armour
 + Level 1.2 Dodging
 + Level 2.9 Invocations


You had one spell level left.
You didn't know any spells.
Your spell library contained the following spells:

 Spells                   Type           Power      Damage    Failure   Level
 Corpse Rot               Necr/Air       0%         N/A       94%         2
 Borgnjor's Vile Clutch   Necr/Erth      0%         N/A       100%        5


Dungeon Overview and Level Annotations

Branches:
Dungeon (2/15)

Altars:


Innate Abilities, Weirdness & Mutations

You regenerate a little health from kills.


Message History

You hit the adder.
The adder is moderately wounded.
The adder barely misses you. The adder closely misses you.
You closely miss the adder.
The adder is moderately wounded.
The adder bites you but does no damage.
You closely miss the adder.
The adder is moderately wounded.
The adder bites you.
You are poisoned.
The adder poisons you! The adder bites you.
You miss the adder.
The adder is moderately wounded.
You feel sick. The adder bites you.
You are more poisoned.
The adder poisons you!
You closely miss the adder.
The adder is moderately wounded.
You feel very sick.
The adder bites you but does no damage. x2
You hit the adder.
The adder is heavily wounded.
You feel sick. The adder closely misses you.
The adder bites you but does no damage.
You hit the adder.
The adder is almost dead.
You feel sick. The adder bites you but does no damage.
You barely miss the adder.
The adder is almost dead.
You feel sick. The adder bites you.
* * * LOW HITPOINT WARNING * * *
The adder bites you.
* * * LOW HITPOINT WARNING * * *
You barely miss the adder.
The adder is almost dead.
* * * LOW HITPOINT WARNING * * *
You feel sick. The adder closely misses you.
You miss the adder.
The adder is almost dead.
You die...

.....###..#....##...#....#.## #
....####.####..##...#.##.#.#
...## #..#..........#.##.#.# ..##
##.##......#...#.##.#.# .##
##..#.....#.#####.#..#.# ##
##..##.............#.######### #
##..###...#+#..................
##..#######.....................
##..##..........@S...............
.).###.#####.....................
.### #.##############............
## #.....# #####............
#####.# #.†.............. #)#
#.###............ #.#### #.#
#############
##########....###.###############
.................................


You could see an adder.

Vanquished Creatures
  2 dart slugs (D:1)
  2 endoplasms (D:1)
  2 goblins (D:1)
  2 hobgoblins (D:1)
  2 kobolds (D:1)
  A quokka (D:1)
  3 ball pythons (D:1)
  3 bats (D:1)
  2 rats (D:1)
19 creatures vanquished.

Notes
Turn   | Place    | Note
-------+----------+-------------------------------------------
     0 | Abyss:1  | Brecoman the Demonspawn Abyssal Knight began the quest for
                  | the Orb.
     0 | Abyss:1  | Reached XP level 1. HP: 18/18 MP: 2/2
    44 | Abyss:1  | Noticed an apocalypse crab
    47 | Abyss:1  | Noticed a mana viper
    50 | D:1      | Escaped the Abyss
    81 | D:1      | Reached skill level 1 in Dodging
   196 | D:1      | Gained mutation: You regenerate a little health from kills.
                  | [demonic ancestry]
   196 | D:1      | Reached XP level 2. HP: 24/24 MP: 4/4
   222 | D:1      | Got the Tome of Ashen Lightness
   355 | D:1      | Reached * piety under Lugonu
   498 | D:1      | Found a faded altar of an unknown god.
  1107 | D:1      | HP: 1/24 [poisoned by an adder]
  1108 | D:1      | Succumbed to an adder's poison

Illustrated notes

Levels and vault maps discovered:
D:1:      dpeg_arrival_central, layout_basic,
          hellmonk_ecumenical_altar_arch_garden
D:2:      layout_basic, chequers_mini_garden, cheibrodos_gnoll_hut

Skill      XL: |  1  2 |
---------------+-------+-----
Dodging        | 1 |  1.2
Axes           | 2 |  2.1
Fighting       | |  3.3
Armour         | |  1.9
Invocations    | |  2.9

Action                   || total
-------------------------++-------
Melee: Hand axe          ||    66
       Punch             ||     2
Invok: Depart the Abyss  ||     1
Armor: Leather armour    ||     6
       Scale mail        ||    31
Dodge: Dodged            ||    49
